 Dungeon Crawl Stone Soup version 0.28.0-45-g0d030f2227 (webtiles) character file.

Game seed: 13101475321444840289

126 MalarOregon the Skirmisher (level 4, -16/33 HPs)
             Began as a Palentonga Fighter on Apr 18, 2022.
             Demolished by an ogre
             ... wielding a +0 giant club
              (19 damage)
             ... on level 3 of the Dungeon.
             The game lasted 00:06:35 (4458 turns).

MalarOregon the Skirmisher (Palentonga Fighter)     Turns: 4458, Time: 00:06:36

Health: -16/33     AC:  6    Str: 22    XL:     4   Next: 83%
Magic:  3/3        EV:  7    Int:  8    God:
Gold:   147        SH:  4    Dex:  9    Spells: 3/3 levels left

rFire   . . .      SeeInvis +   a - +0 war axe
rCold   . . .      Faith    .   c - +0 buckler
rNeg    . . .      Spirit   .   k - +0 scale mail
rPois   .          Reflect  .   (no helmet)
rElec   .          Harm     .   (no cloak)
rCorr   .          Rampage  .   (no gloves)
Will    .....                   (no barding)
Stlth   ..........              (no amulet)
HPRegen 0.11/turn               (no ring)
MPRegen 0.08/turn               (no ring)

@: flying, invisible
A: large, rugged brown scales 3, see invisible, deformed body, roll 1, armoured
tail, hooves 1, frail 1, low MP 1, subdued magic 1
a: Rolling Charge


You were on level 3 of the Dungeon.
You visited 1 branch of the dungeon, and saw 4 of its levels.

You collected 147 gold pieces.


Innate Abilities, Weirdness & Mutations

You are completely covered in rugged brown scales. (AC +3, +7% HP)
You have supernaturally acute eyesight. (SInv)
Armour fits poorly on your strangely shaped body.
You can roll at nearby foes to attack.
You have a long armoured tail.
You have large cloven feet.
You are frail. (-10% HP)
Your magical capacity is low. (-10% MP)
Your spells are a little easier to cast, but a little less powerful.


   Skills:
 + Level 3.4 Fighting
 + Level 3.0 Axes
 + Level 0.1 Throwing
 + Level 2.8 Armour
 + Level 1.1 Dodging
 * Level 3.2 Shields


You had 3 spell levels left.
You didn't know any spells.
Your spell library contained the following spells:

 Spells                   Type           Power      Damage    Failure   Level
 Scorch                   Fire           0%         2d5       89%         2
 Flame Wave               Conj/Fire      0%         2d4       100%        4
 Summon Cactus Giant      Summ           0%         N/A       100%        6

Inventory:

Hand Weapons
 a - a +0 war axe (weapon)
 b - a +1 dagger of venom
   (You took it off a kobold on level 1 of the Dungeon)
 o - the +8 dagger "Ycoyttaedd" {drain, +Blink Fly Int+3 Dex+3}
   (You found it on level 2 of the Dungeon)

   A truly terrible weapon, it drains the life of any living foe it strikes.
   Int:       It affects your intelligence (+3).
   Dex:       It affects your dexterity (+3).
   Fly:       It grants you flight.
   +Blink:    It lets you blink.
Missiles
 e - 61 stones (quivered)
Armour
 c - a +0 buckler (worn)
 k - a +0 scale mail (worn)
Jewellery
 g - an amulet of reflection
   (You found it on level 1 of the Dungeon)
 j - an amulet of guardian spirit
   (You found it on level 1 of the Dungeon)
Scrolls
 f - a scroll of identify {@r1}
 h - a scroll of vulnerability {!r}
Potions
 m - a potion of curing {@q1}

Dungeon Overview and Level Annotations

Branches:
Dungeon (4/15)
 Temple: D:4-7

Altars:
Okawaru

Annotations:
D:4 Sigmund

**,,8,** >.##)8.
*,,,** ....##..
*,,#####....##.
*,##⌠.⌠##....##
###*.#.....#.....#
#....#.._..#.._..#
#.##.#.....#.....#
#.#..##....##⌠.⌠##
#@#...##....#####.
#O#.[..##.....##..
#.##..8.##...##.8.
#........##'##....
####..............
#..#...####....
#.....####.....
##.######......
##...####.......


You could see an ogre.


Message History

There is an open door here.
There is an open door here.
There is a stone staircase leading up here.
Level map cleared.
There is a stone staircase leading up here.
You open the door.
There is an open door here.
Key pressed, stopping explore.
There is an open door here.
Key pressed, stopping explore.
Key pressed, stopping explore.
Key pressed, stopping explore.
There is an open door here.
There is an open door here.
There is an open door here.
There is an open door here.
Key pressed, stopping explore.
Key pressed, stopping explore.
Key pressed, stopping explore.
Key pressed, stopping explore.
Key pressed, stopping explore.
Key pressed, stopping explore.
Key pressed, stopping explore.
Key pressed, stopping explore.
Key pressed, stopping explore.
Key pressed, stopping explore.
Key pressed, stopping explore.
Key pressed, stopping explore.
Key pressed, stopping explore.
Key pressed, stopping explore.
Key pressed, stopping explore.
Key pressed, stopping explore.
Key pressed, stopping explore.
Key pressed, stopping explore.
Key pressed, stopping explore.
There is an open door here.
Key pressed, stopping explore.
Key pressed, stopping explore.
There is an open door here.
Key pressed, stopping explore.
An ogre is nearby!
An ogre is nearby!
An ogre is nearby!
An ogre is nearby!
An ogre is nearby!
An ogre is nearby!
An ogre is nearby!
An ogre is nearby!
An ogre is nearby!
An ogre is nearby!
An ogre is nearby!
An ogre is nearby!
The ogre shouts!
The ogre hits you with a +0 giant club.
You hit the ogre but do no damage.
The ogre hits you with a +0 giant club!!
* * * LOW HITPOINT WARNING * * *
There is an open door here.
There is an open door here.
There is an open door here.
There is an open door here.
A kobold comes into view. It is wielding a +0 whip.
The kobold shouts!
The kobold drinks a potion.
The kobold seems to speed up.
The kobold hits you with a +0 whip. The kobold hits you with a +0 whip.
The kobold hits you but does no damage. The kobold closely misses you.
You aren't carrying any items that you can evoke.
Unknown command.
It was a potion of flight.
You feel very buoyant.
You fly up into the air.
You block the kobold's attack. The kobold hits you but does no damage.
It was a potion of heal wounds.
You feel much better. The kobold barely misses you.
It was a potion of mutation.
You feel extremely strange.
You feel less energetic.
You feel frail.
Your connection to magic feels subdued.
Your feet thicken and deform.
The kobold hits you with a +0 whip. The kobold hits you but does no damage.
Okay, then.
It was a potion of invisibility.
You fade into invisibility!
The kobold barely misses you.
You closely miss the kobold. The kobold hits you but does no damage.
You block the kobold's attack. The kobold hits you with a +0 whip.
You barely miss the kobold. The kobold barely misses you.
The kobold closely misses you.
You hit the kobold but do no damage. The kobold barely misses you.
The kobold hits you but does no damage.
You slash the kobold!
You kill the kobold!
You slash the ogre!
Your tail-slap misses the ogre.
The ogre hits you with a +0 giant club!!
Ouch! That really hurt!
* * * LOW HITPOINT WARNING * * *
The ogre hits you with a +0 giant club!!
Ouch! That really hurt!
You die...

Skill      XL: |  1  2  3  4 |
---------------+-------------+-----
Shields        | 3 |  3.2
Axes           | 3 |  3.0
Dodging        | 1 |  1.1
Fighting       | |  3.4
Throwing       | |  0.1
Armour         | |  2.8

Action                   |  1- 3 |  4- 6 || total
-------------------------+-------+-------++-------
Melee: War axe           |   118 |    69 ||   187
       Tailslap          |     8 |     3 ||    11
       Dagger            |     2 |       ||     2
Throw: Dart              |       |    11 ||    11
       Stone             |       |     1 ||     1
  Use: Potion            |     1 |     4 ||     5
       Scroll            |       |     2 ||     2
Armor: Scale mail        |    86 |    38 ||   124
Dodge: Dodged            |    42 |    25 ||    67
Block: Buckler           |    25 |    18 ||    43

Levels and vault maps discovered:
D:1:      eino_arrival_water_star, layout_loops_ring,
          ebering_ecumenical_altar_rust
D:2:      layout_basic, st_stairs_10
D:3:      layout_loops_corners, nicolae_overflow_ecumenical_swirl
D:4:      layout_basic, patterned_corridor, uniq_natasha, uniq_sigmund,
          uniq_crazy_yiuf_cottage

Notes
Turn   | Place    | Note
-------+----------+-------------------------------------------
     0 | D:1      | MalarOregon the Palentonga Fighter began the quest for the
                  | Orb.
     0 | D:1      | Reached XP level 1. HP: 19/19 MP: 1/1
    41 | D:1      | HP: 3/19 [jackal (2)]
    44 | D:1      | Reached XP level 2. HP: 2/25 MP: 2/2
   529 | D:1      | Found a faded altar of an unknown god.
   974 | D:1      | Reached XP level 3. HP: 31/31 MP: 3/3
  1133 | D:2      | You pick up a book of Scorching and begin reading...
  1133 | D:2      | You add the spells Scorch, Flame Wave and Summon Cactus
                  | Giant to your library.
  1209 | D:2      | Reached skill level 3 in Shields
  1250 | D:2      | You fall into a shaft and drop 1 floor!
  1405 | D:2      | Identified the +8 dagger "Ycoyttaedd" {drain, +Blink Fly
                  | Int+3 Dex+3}
  1630 | D:2      | Reached XP level 4. HP: 37/37 MP: 4/4
  2069 | D:2      | HP: 5/37 [gnoll/+0 club (5)]
  2070 | D:2      | HP: 2/37 [gnoll/+0 club (3)]
  2578 | D:3      | Reached skill level 3 in Axes
  2578 | D:3      | Reached skill level 1 in Dodging
  2622 | D:3      | Found a faded altar of an unknown god.
  2907 | D:3      | Found an iron altar of Okawaru.
  3591 | D:4      | Noticed Sigmund
  3592 | D:4      | Noticed an ogre
  3641 | D:3      | HP: 5/37 [ogre/+0 giant club (5)]
  4214 | D:3      | Found a faded altar of an unknown god.
  4217 | D:3      | Found an iron altar of Okawaru.
  4452 | D:3      | Gained mutation: Your magical capacity is low. (-10% MP)
                  | [potion of mutation]
  4452 | D:3      | Gained mutation: You are frail. (-10% HP) [potion of
                  | mutation]
  4452 | D:3      | Gained mutation: Your spells are a little easier to cast,
                  | but a little less powerful. [potion of mutation]
  4452 | D:3      | Gained mutation: You have large cloven feet. [potion of
                  | mutation]
  4458 | D:3      | HP: 3/33 [ogre/+0 giant club (25)]
  4458 | D:3      | Demolished by an ogre

Vanquished Creatures
  An adder (D:2)
  3 gnolls
  A dart slug (D:3)
  6 ball pythons
  4 bats
  10 endoplasms
  4 giant cockroaches
  4 goblins
  8 hobgoblins
  14 jackals
  3 quokkas
  6 frilled lizards
  7 kobolds
  3 rats
74 creatures vanquished.

Table legend:
 A = Non-vault XP
 B = Vault XP
 C = Vault XP percentage of total XP
 D = Non-vault monster count
 E = Vault monster count
 F = Vault count percentage of total count
                 A         B        C        D         E       F
            +---------+---------+-------+---------+---------+-------
      Total |     174 |       6 |   3.3 |      70 |       4 |   5.4
            +---------+---------+-------+---------+---------+-------
        D:1 |      41 |       0 |   0.0 |      22 |       0 |   0.0
        D:2 |      76 |       6 |   7.3 |      24 |       4 |  14.3
        D:3 |      51 |       0 |   0.0 |      21 |       0 |   0.0
        D:4 |       6 |       0 |   0.0 |       3 |       0 |   0.0
            +---------+---------+-------+---------+---------+-------

Illustrated notes

Table legend:
 A = Kills in this place as a percentage of kills in entire the game.
 B = Kills by you in this place as a percentage of kills by you in the entire game.
 C = Kills by friends in this place as a percentage of kills by friends in the entire game.
 D = Other kills in this place as a percentage of other kills in the entire game.
 E = Experience gained in this place as a percentage of experience gained in the entire game.
 F = Experience gained in this place divided by the number of levels of this place that you have seen.
                   A       B       C       D       E      F
               +-------+-------+-------+-------+-------+----------------------
         Total | 100.0 | 100.0 |   N/A |   N/A | 100.0 |  45.0
       Dungeon | 100.0 | 100.0 |   N/A |   N/A | 100.0 |  45.0
               +-------+-------+-------+-------+-------+----------------------

Table legend: (Time is in decaauts)
 A = Elapsed time spent in this place.
 B = Non-inter-level travel time spent in this place.
 C = Inter-level travel time spent in this place.
 D = Time resting spent in this place.
 E = Time spent auto-exploring this place.
 F = Levels seen in this place.
 G = Mean time per level.
                   A        B        C        D        E       F      G
               +--------+--------+--------+--------+--------+-----+--------+
         Total |   4538 |   4240 |    298 |    662 |   2747 |   4 | 1134.5 |
       Dungeon |   4538 |   4240 |    298 |    662 |   2747 |   4 | 1134.5 |
               +--------+--------+--------+--------+--------+-----+--------+

Top non-repeatable levels by time:
     D:3: 1817 daAuts
     D:2: 1477 daAuts
     D:1: 1045 daAuts
     D:4: 197 daAuts
